 Dungeon Crawl Stone Soup version 0.24-a0-500-g46574c2197 (webtiles) character file.

Game seed: 4820944739987076939

171 KristoblXynda the Slasher (level 5, -8/41 HPs)
             Began as a Draconian Skald on July 15, 2019.
             Mangled by a river rat (10 damage)
             ... on level 3 of the Dungeon.
             The game lasted 00:03:45 (3035 turns).

KristoblXynda the Slasher (Draconian Skald)         Turns: 3035, Time: 00:03:45

Health: -8/41      AC:  5    Str: 13    XL:     5   Next: 26%
Magic:  8/8        EV: 13    Int: 14    God:
Gold:   224        SH:  0    Dex: 11    Spells: 7/8 levels left

rFire    . . .     SeeInvis .   a - +0 falchion
rCold    . . .     Gourm    .   (no shield)
rNeg     . . .     Faith    .   (armour unavailable)
rPois    .         Spirit   .   (helmet restricted)
rElec    .         Reflect  .   (no cloak)
rCorr    .         Harm     .   (no gloves)
MR       .....                  (no boots)
Stlth    +.........             (no amulet)
HPRegen  0.13/turn              (no ring)
MPRegen  0.11/turn              (no ring)

@: very slow
A: unfitting armour, cold-blooded, AC +5
a: no special abilities


You were on level 3 of the Dungeon.
You were not hungry.

You visited 1 branch of the dungeon, and saw 3 of its levels.

You collected 224 gold pieces.

Inventory:

Hand Weapons
 a - a +0 falchion (weapon)
Missiles
 g - a throwing net (quivered)
Jewellery
 d - an uncursed ring of resist corrosion {unknown}
Scrolls
 e - 2 scrolls of identify
 f - 3 scrolls of remove curse
 h - 4 scrolls of fear
Potions
 i - 2 potions of curing
Comestibles
 c - 2 rations


   Skills:
 - Level 2.1 Fighting
 * Level 4.1 Long Blades
 + Level 3.1 Dodging
 - Level 2.0 Spellcasting
 + Level 3.5 Charms


You had 7 spell levels left.
You knew the following spells:

 Your Spells              Type           Power        Failure   Level  Hunger
a - Infusion              Chrm           ##..         5%          1    ##.....

Your spell library contained the following spells:

 Spells                   Type           Power        Failure   Level  Hunger
 Song of Slaying          Chrm           ##......     9%          2    ###....
 Shroud of Golubria       Chrm/Tloc      #.....       17%         2    ###....
 Regeneration             Chrm/Necr      #.........   34%         3    ####...
 Spectral Weapon          Hex/Chrm       #.......     34%         3    ####...


Dungeon Overview and Level Annotations

Branches:
Dungeon (3/15)

Altars:
Dithmenos
Trog

Annotations:
D:3 3 runed translucent doors, nikopol's ghost, amateur MiBe


Innate Abilities, Weirdness & Mutations

Your plain brown scales are hard. (AC +5)
You cannot fit into any form of body armour.
You are cold-blooded and may be slowed by cold attacks.


Message History

The river rat closely misses you.
You riposte.
Your unstable footing causes you to fumble your attack.
You hit the river rat but do no damage.
The river rat is moderately wounded.
The river rat bites you but does no damage.
You hit the river rat but do no damage.
The river rat is moderately wounded.
The river rat misses you.
Your unstable footing causes you to fumble your attack.
The river rat bites you!
You hit the river rat.
The river rat is almost dead.
The river rat bites you.
* * * LOW HITPOINT WARNING * * *
You barely miss the river rat.
The river rat is almost dead.
The river rat bites you!
* * * LOW HITPOINT WARNING * * *
The river rat bites you!
You die...

#.#...#....+K..#.?
#.......#..+l....)
####.#####.+Z..#..
#####.# #.#S.#.#.
#.....# #.#......
#.###.# #.#######
##.####### #........
#.##≈≈≈≈≈######.....
#≈#@#####≈# ##...#
#≈#r# #≈# ##.##
#≈#l# #≈# #.## #.#≈#
#≈# ####... #≈#≈#
#≈# #...... #.##≈
#≈####.#####
#≈#######.#....# #
##≈.≈≈≈.≈####### #
######### #


You could see a river rat and a leopard gecko.

Vanquished Creatures
  Terence (D:3)
  5 adders
  A river rat (D:3)
  2 oozes (D:2)
  3 worms (D:2)
  A dart slug (D:2)
  6 giant cockroaches
  7 goblins
  8 hobgoblins
  5 jackals
  3 quokkas
  A ball python (D:1)
  10 bats
  5 frilled lizards
  7 kobolds
  15 rats
80 creatures vanquished.

Notes
Turn   | Place    | Note
-------+----------+-------------------------------------------
     0 | D:1      | KristoblXynda the Draconian Skald began the quest for the
                  | Orb.
     0 | D:1      | Reached XP level 1. HP: 17/17 MP: 3/3
   159 | D:1      | Reached XP level 2. HP: 10/24 MP: 5/5
   995 | D:1      | Reached XP level 3. HP: 29/29 MP: 6/6
  1069 | D:2      | Reached skill level 3 in Long Blades
  1182 | D:2      | Noticed a moth of wrath
  1185 | D:2      | Found a bloodstained altar of Trog.
  1531 | D:2      | Reached XP level 4. HP: 10/36 MP: 7/7
  2100 | D:2      | Found a shadowy altar of Dithmenos.
  2351 | D:3      | Noticed Terence
  2388 | D:3      | Killed Terence
  2670 | D:3      | Reached skill level 4 in Long Blades
  2670 | D:3      | Reached XP level 5. HP: 26/41 MP: 8/8
  2856 | D:3      | Noticed nikopol's ghost (amateur MiBe)
  2865 | D:3      | Found a runed translucent gate.
  2865 | D:3      | Found a runed translucent gate.
  2958 | D:3      | Found a runed translucent gate.
  3035 | D:3      | HP: 2/41 [river rat (9)]
  3035 | D:3      | Mangled by a river rat

Levels and vault maps discovered:
D:1:      wander_arrival_desolate, layout_basic, item_on_display_b
D:2:      layout_basic, tgw_trog, nicolae_dithmenos_through_a_glass_darkly
D:3:      layout_loops_ring, gammafunk_ghost_split, gup_sewer_entry_spiral,
          uniq_terence

Skill      XL: |  1  2  3  4 |
---------------+-------------+-----
Charms         | 3 |  3.5
Long Blades    | 3 4 |  4.1
Dodging        | 3 |  3.1
Fighting       | |  2.1
Spellcasting   | |  2.0

Action                   |  1- 3 |  4- 6 || total
-------------------------+-------+-------++-------
Melee: Falchion          |   170 |   125 ||   295
       Tailslap          |    21 |    11 ||    32
Throw: Throwing net      |       |     1 ||     1
  Use: Scroll            |       |     7 ||     7
 Stab: Sleeping          |     1 |       ||     1
  Eat: Chunk             |     2 |     5 ||     7
Armor: Skin              |    54 |    33 ||    87
Dodge: Dodged            |   123 |    81 ||   204
       Rpst.: Falchion   |    40 |    28 ||    68

Table legend:
 A = Non-vault XP
 B = Vault XP
 C = Vault XP percentage of total XP
 D = Non-vault monster count
 E = Vault monster count
 F = Vault count percentage of total count
                 A         B        C        D         E       F
            +---------+---------+-------+---------+---------+-------
      Total |     175 |      70 |  28.6 |      70 |      10 |  12.5
            +---------+---------+-------+---------+---------+-------
        D:1 |      42 |       0 |   0.0 |      29 |       0 |   0.0
        D:2 |      75 |       9 |  10.7 |      26 |       5 |  16.1
        D:3 |      58 |      61 |  51.3 |      15 |       5 |  25.0
            +---------+---------+-------+---------+---------+-------
